| TOP OF THE 1ST |
|
Elmira Pioneers batting - Pitching for Pittsfield Colonials : LHP James Rooney
|
|
Pitching: LHP James Rooney
|
|
|
Batting: RHB Ken Dowell
|
0-0: Foul Ball, location: 2F 0-1: Swinging Strike 0-2: Ball 1-2: SINGLE (Groundball, 6MD, EV 95.6 MPH)
|
|
Batting: LHB German Barranca
|
0-0: Ball 1-0: Called Strike 1-1: Ball 2-1: Ball 3-1: Foul Ball, location: 2F 3-2: Strikes out swinging
|
|
Batting: RHB Richard Givens
|
0-0: Called Strike 0-1: Ball 1-1: Called Strike 1-2: Fly out, F8 (Flyball, 89D, EV 93.1 MPH)
|
|
Batting: RHB Greg Keatley
|
0-0: Called Strike 0-1: Fly out, F8 (Flyball, 8RD, EV 82.5 MPH)
|
| Top of the 1st over - 0 runs, 1 hit, 0 errors, 1 left on base; Elmira 0 - Pittsfield 0 |
| BOTTOM OF THE 1ST |
|
Pittsfield Colonials batting - Pitching for Elmira Pioneers : RHP Carlos Cruz
|
|
Pitching: RHP Carlos Cruz
|
|
|
Batting: SHB Steve Scafa
|
0-0: Ball 1-0: Foul Ball, location: 2F 1-1: Ball 2-1: Ball 3-1: Foul Ball, location: 2F 3-2: Ground out 5-3 (Groundball, 5L, EV 89.4 MPH)
|
|
Batting: SHB Mitch Webster
|
0-0: Ball 1-0: Swinging Strike 1-1: Ball 2-1: Ground out 5-3 (Groundball, 5S, EV 62.5 MPH)
|
|
Batting: RHB Shawon Dunston
|
0-0: Ball 1-0: DOUBLE (Line Drive, 7LM, EV 102.5 MPH)
|
|
Batting: SHB Mark Gilbert
|
0-0: Called Strike 0-1: Ball 1-1: Foul Ball, location: 2F 1-2: SINGLE (Line Drive, 4D, EV 107.5 MPH) Shawon Dunston to third Runner from 3rd tries for Home, SAFE, throw by RF to home
|
|
Batting: RHB Mike Brewer
|
0-0: Ball 1-0: Swinging Strike 1-1: Ball 2-1: Ball 3-1: Foul Ball, location: 2F 3-2: Base on Balls Mark Gilbert to second
|
|
Batting: LHB Armando Ortiz
|
0-0: Ball 1-0: Ball 2-0: Foul Ball, location: 2F 2-1: Ground out U3 (Groundball, 13, EV 88.1 MPH)
|
| Bottom of the 1st over - 1 run, 2 hits, 0 errors, 2 left on base; Elmira 0 - Pittsfield 1 |
| TOP OF THE 2ND |
|
Elmira Pioneers batting - Pitching for Pittsfield Colonials : LHP James Rooney
|
|
Batting: RHB Edwin Rodriguez
|
0-0: Foul Ball, location: 2F 0-1: Called Strike 0-2: Strikes out swinging
|
|
Batting: SHB Esteban Mendez
|
0-0: Called Strike 0-1: Ground out 5-3 (Groundball, 56, EV 88.1 MPH)
|
|
Batting: LHB Juan Flores
|
0-0: Foul Ball, location: 2F 0-1: Ground out 6-3 (Groundball, 6, EV 76.9 MPH)
|
| Top of the 2nd over - 0 runs, 0 hits, 0 errors, 0 left on base; Elmira 0 - Pittsfield 1 |
| BOTTOM OF THE 2ND |
|
Pittsfield Colonials batting - Pitching for Elmira Pioneers : RHP Carlos Cruz
|
|
Batting: RHB Steven Ramler
|
0-0: Fly out, F6 (Line Drive, 6, EV 69.4 MPH)
|
|
Batting: SHB David Enos
|
0-0: Ball 1-0: Called Strike 1-1: Foul Ball, location: 2F 1-2: Ball 2-2: Strikes out swinging
|
|
Batting: RHB Juan Castro
|
0-0: Called Strike 0-1: Ball 1-1: SINGLE (Groundball, 4D, EV 105.0 MPH)
|
|
Batting: SHB Steve Scafa
|
0-0: Ball 1-0: Called Strike 1-1: Foul Ball, location: 2F 1-2: Strikes out looking
|
| Bottom of the 2nd over - 0 runs, 1 hit, 0 errors, 1 left on base; Elmira 0 - Pittsfield 1 |
| TOP OF THE 3RD |
|
Elmira Pioneers batting - Pitching for Pittsfield Colonials : LHP James Rooney
|
|
Batting: RHB Curtis Cannedy
|
0-0: SINGLE (Line Drive, 78S, EV 94.4 MPH)
|
|
Batting: SHB Michael Reeder
|
0-0: Swinging Strike 0-1: Ball 1-1: Foul Ball, location: 2F 1-2: Ball 2-2: Fielders Choice at 2nd, 1-6 (Groundball, 13, EV 70.6 MPH)
|
|
Batting: RHB Ken Dowell
|
0-0: Ball 1-0: Ball 2-0: Called Strike 2-1: Foul Ball, location: 2F 2-2: Strikes out looking
|
|
Batting: LHB German Barranca
|
0-0: Called Strike 0-1: Ball 1-1: Ground out 1-3 (Groundball, 15S, EV 56.9 MPH)
|
| Top of the 3rd over - 0 runs, 1 hit, 0 errors, 1 left on base; Elmira 0 - Pittsfield 1 |
| BOTTOM OF THE 3RD |
|
Pittsfield Colonials batting - Pitching for Elmira Pioneers : RHP Carlos Cruz
|
|
Batting: SHB Mitch Webster
|
0-0: Ball 1-0: Bunt missed! 1-1: Ball 2-1: Swinging Strike 2-2: Ball 3-2: Foul Ball, location: 2F 3-2: Ground out 5-3 (Groundball, 56, EV 105.6 MPH)
|
|
Batting: RHB Shawon Dunston
|
0-0: Fly out, F4 (Popup, 34, EV 78.8 MPH)
|
|
Batting: SHB Mark Gilbert
|
0-0: Swinging Strike 0-1: Called Strike 0-2: Ground out 4-3 (Groundball, 4, EV 78.8 MPH)
|
| Bottom of the 3rd over - 0 runs, 0 hits, 0 errors, 0 left on base; Elmira 0 - Pittsfield 1 |
| TOP OF THE 4TH |
|
Elmira Pioneers batting - Pitching for Pittsfield Colonials : LHP James Rooney
|
|
Batting: RHB Richard Givens
|
0-0: Called Strike 0-1: Ball 1-1: Ball 2-1: Fly out, F4 (Popup, 4M, EV 59.4 MPH)
|
|
Batting: RHB Greg Keatley
|
0-0: Ball 1-0: Ball 2-0: Ball 3-0: Called Strike 3-1: Foul Ball, location: 2F 3-2: SOLO HOME RUN (Flyball, 78XD, EV 104.4 MPH), Distance : 413 ft
|
|
Batting: RHB Edwin Rodriguez
|
0-0: Swinging Strike 0-1: Swinging Strike 0-2: Strikes out swinging
|
|
Batting: SHB Esteban Mendez
|
0-0: Fly out, F7 (Flyball, 7LD, EV 98.8 MPH)
|
| Top of the 4th over - 1 run, 1 hit, 0 errors, 0 left on base; Elmira 1 - Pittsfield 1 |
| BOTTOM OF THE 4TH |
|
Pittsfield Colonials batting - Pitching for Elmira Pioneers : RHP Carlos Cruz
|
|
Batting: RHB Mike Brewer
|
0-0: Ball 1-0: Ball 2-0: Foul Ball, location: 2F 2-1: Ground out 6-3 (Groundball, 6S, EV 85.0 MPH)
|
|
Batting: LHB Armando Ortiz
|
0-0: Foul Ball, location: 2F 0-1: SOLO HOME RUN (Line Drive, 9D, EV 101.3 MPH), Distance : 352 ft
|
|
Batting: RHB Steven Ramler
|
0-0: Swinging Strike 0-1: DOUBLE (Line Drive, 89M, EV 96.3 MPH)
|
|
Batting: SHB David Enos
|
0-0: Fly out, F9 (Flyball, 89S, EV 81.9 MPH)
|
|
Batting: RHB Juan Castro
|
0-0: Called Strike 0-1: Fly out, F8 (Flyball, 8RM, EV 86.3 MPH)
|
| Bottom of the 4th over - 1 run, 2 hits, 0 errors, 1 left on base; Elmira 1 - Pittsfield 2 |
| TOP OF THE 5TH |
|
Elmira Pioneers batting - Pitching for Pittsfield Colonials : LHP James Rooney
|
|
Batting: LHB Juan Flores
|
0-0: Ground out U3 (Groundball, 3L, EV 103.8 MPH)
|
|
Batting: RHB Curtis Cannedy
|
0-0: Swinging Strike 0-1: Foul Ball, location: 2F 0-2: Ball 1-2: Ball 2-2: Ground out 6-3 (Groundball, 6, EV 101.3 MPH)
|
|
Batting: SHB Michael Reeder
|
0-0: Ball 1-0: Foul Ball, location: 2F 1-1: Swinging Strike 1-2: Strikes out swinging
|
| Top of the 5th over - 0 runs, 0 hits, 0 errors, 0 left on base; Elmira 1 - Pittsfield 2 |
| BOTTOM OF THE 5TH |
|
Pittsfield Colonials batting - Pitching for Elmira Pioneers : RHP Carlos Cruz
|
|
Batting: SHB Steve Scafa
|
0-0: Ball 1-0: Foul Ball, location: 2F 1-1: Ball 2-1: Ball 3-1: Foul Ball, location: 2F 3-2: Base on Balls
|
|
Batting: SHB Mitch Webster
|
0-0: Ball 1-0: Bunt missed! 1-1: Sac Bunt to 13S - play at first, batter OUT! 1-4 Steve Scafa to second
|
|
Batting: RHB Shawon Dunston
|
0-0: Foul Ball, location: 2F 0-1: Ball 1-1: Foul Ball, location: 2F 1-2: Strikes out swinging
|
|
Batting: SHB Mark Gilbert
|
0-0: Called Strike Steve Scafa steals 3rd base 0-1: Swinging Strike 0-2: Ball 1-2: Ball 2-2: Foul Ball, location: 2F 2-2: Fly out, F8 (Flyball, 89D, EV 93.8 MPH)
|
| Bottom of the 5th over - 0 runs, 0 hits, 0 errors, 1 left on base; Elmira 1 - Pittsfield 2 |
| TOP OF THE 6TH |
|
Elmira Pioneers batting - Pitching for Pittsfield Colonials : LHP James Rooney
|
|
Batting: RHB Ken Dowell
|
0-0: Ball 1-0: Fly out, F8 (Line Drive, 8LD, EV 93.1 MPH)
|
|
Batting: LHB German Barranca
|
0-0: Called Strike 0-1: Foul Ball, location: 2F 0-2: Foul Ball, location: 2F 0-2: Fly out, F2 (Popup, 15S, EV 88.1 MPH)
|
|
Batting: RHB Richard Givens
|
0-0: SINGLE (Line Drive, 78S, EV 97.5 MPH)
|
|
Batting: RHB Greg Keatley
|
0-0: Ball 1-0: Ball 2-0: Foul Ball, location: 2F 2-1: Ball 3-1: Called Strike 3-2: 2-RUN HOME RUN (Flyball, 78XD, EV 104.4 MPH), Distance : 402 ft
|
|
Batting: RHB Edwin Rodriguez
|
0-0: Ball 1-0: Foul Ball, location: 2F 1-1: Ground out 5-3 (Groundball, 56, EV 83.1 MPH)
|
| Top of the 6th over - 2 runs, 2 hits, 0 errors, 0 left on base; Elmira 3 - Pittsfield 2 |
| BOTTOM OF THE 6TH |
|
Pittsfield Colonials batting - Pitching for Elmira Pioneers : RHP Carlos Cruz
|
|
Batting: RHB Mike Brewer
|
0-0: Foul Ball, location: 2F 0-1: Called Strike 0-2: Ball 1-2: Ball 2-2: Strikes out swinging
|
|
Batting: LHB Armando Ortiz
|
0-0: Called Strike 0-1: Ball 1-1: Ball 2-1: Called Strike 2-2: SINGLE (Line Drive, 56D, EV 98.8 MPH)
|
|
Batting: RHB Steven Ramler
|
0-0: Called Strike 0-1: Grounds into double play, 6-4-3 (Groundball, 6, EV 82.5 MPH)
|
| Bottom of the 6th over - 0 runs, 1 hit, 0 errors, 0 left on base; Elmira 3 - Pittsfield 2 |
| TOP OF THE 7TH |
|
Elmira Pioneers batting - Pitching for Pittsfield Colonials : LHP James Rooney
|
|
Batting: SHB Esteban Mendez
|
0-0: Ball 1-0: Fly out, F7 (Flyball, 7S, EV 91.3 MPH)
|
|
Batting: LHB Juan Flores
|
0-0: Ball 1-0: SINGLE (Groundball, 6D, EV 100.0 MPH)
|
|
Batting: RHB Curtis Cannedy
|
0-0: Ball 1-0: Ball 2-0: Ball 3-0: Base on Balls Juan Flores to second
|
|
Batting: SHB Michael Reeder
|
0-0: Foul Ball, location: 2F 0-1: Ball 1-1: Ball 2-1: Swinging Strike 2-2: Strikes out looking
|
|
Batting: RHB Ken Dowell
|
0-0: Ball 1-0: Called Strike 1-1: Fly out, F9 (Flyball, 9LD, EV 111.3 MPH)
|
| Top of the 7th over - 0 runs, 1 hit, 0 errors, 2 left on base; Elmira 3 - Pittsfield 2 |
| BOTTOM OF THE 7TH |
|
Pittsfield Colonials batting - Pitching for Elmira Pioneers : RHP Carlos Cruz
|
|
Batting: SHB David Enos
|
0-0: Called Strike 0-1: Fly out, F7 (Flyball, 7LS, EV 82.5 MPH)
|
|
Batting: RHB Juan Castro
|
0-0: Ball 1-0: Called Strike 1-1: DOUBLE (Groundball, 5L, EV 110.0 MPH)
|
|
Batting: SHB Steve Scafa
|
0-0: Called Strike 0-1: Ball 1-1: Foul Ball, location: 2F 1-2: Foul Ball, location: 2F 1-2: Foul Ball, location: 2F 1-2: Ball 2-2: Foul Ball, location: 2F 2-2: Ball 3-2: Base on Balls
|
|
Batting: SHB Mitch Webster
|
0-0: Called Strike 0-1: Ball 1-1: Ball 2-1: Foul Ball, location: 2F 2-2: Foul Ball, location: 2F 2-2: Fly out, F7 (Line Drive, 7, EV 87.5 MPH)
|
|
Batting: RHB Shawon Dunston
|
0-0: Called Strike 0-1: Called Strike 0-2: Foul Ball, location: 2F 0-2: Ball 1-2: Foul Ball, location: 2F 1-2: Strikes out swinging
|
| Bottom of the 7th over - 0 runs, 1 hit, 0 errors, 2 left on base; Elmira 3 - Pittsfield 2 |
| TOP OF THE 8TH |
|
Elmira Pioneers batting - Pitching for Pittsfield Colonials : LHP James Rooney
|
|
Batting: LHB German Barranca
|
0-0: Ball 1-0: Foul Ball, location: 2F 1-1: Foul Ball, location: 2F 1-2: Strikes out swinging
|
|
Batting: RHB Richard Givens
|
0-0: Called Strike 0-1: SINGLE (Flyball, 89S, EV 93.1 MPH)
|
|
Batting: RHB Greg Keatley
|
0-0: Ball 1-0: Called Strike 1-1: Ball 2-1: Foul Ball, location: 2F 2-2: Foul Ball, location: 2F 2-2: Fly out, F8 (Line Drive, 8LD, EV 86.9 MPH)
|
|
Batting: RHB Edwin Rodriguez
|
0-0: Ball 1-0: Ball 2-0: Fly out, F7 (Flyball, 78M, EV 90.0 MPH)
|
| Top of the 8th over - 0 runs, 1 hit, 0 errors, 1 left on base; Elmira 3 - Pittsfield 2 |
| BOTTOM OF THE 8TH |
|
Pittsfield Colonials batting - Pitching for Elmira Pioneers : RHP Carlos Cruz
|
|
Batting: SHB Mark Gilbert
|
0-0: Ball 1-0: Single, Error in OF, E9, batter to second base (Groundball, 34D, EV 95.0 MPH)
|
|
Pitching: LHP Pat Perry
|
|
|
Batting: RHB Mike Brewer
|
0-0: Called Strike 0-1: Ball 1-1: Ball 2-1: Foul Ball, location: 2F 2-2: Foul Ball, location: 2F 2-2: Ball 3-2: Base on Balls
|
|
Batting: LHB Armando Ortiz
|
0-0: Ball 1-0: Called Strike 1-1: Ball 2-1: Bunted foul 2-2: Foul Ball, location: 2F 2-2: Fielders Choice at 2nd, 5-4 (Groundball, 56, EV 86.3 MPH) Mark Gilbert to third
|
|
Batting: RHB Steven Ramler
|
0-0: Called Strike 0-1: Swinging Strike 0-2: Strikes out swinging
|
|
Batting: SHB David Enos
|
0-0: Called Strike 0-1: Foul Ball, location: 2F 0-2: Ball 1-2: Ball 2-2: Fly out, F8 (Flyball, 8RM, EV 79.4 MPH)
|
| Bottom of the 8th over - 0 runs, 1 hit, 1 error, 2 left on base; Elmira 3 - Pittsfield 2 |
| TOP OF THE 9TH |
|
Elmira Pioneers batting - Pitching for Pittsfield Colonials : LHP James Rooney
|
|
Pitching: LHP Newt Box
|
|
|
Batting: SHB Esteban Mendez
|
0-0: Ball 1-0: Ball 2-0: Swinging Strike 2-1: Ball 3-1: Ground out U3 (Groundball, 34, EV 107.5 MPH)
|
|
Batting: LHB Juan Flores
|
0-0: Foul Ball, location: 2F 0-1: Fly out, F9 (Flyball, 9LM, EV 85.0 MPH)
|
|
Batting: RHB Curtis Cannedy
|
0-0: Ball 1-0: Swinging Strike 1-1: Fly out, F3 (Popup, 3F, EV 70.0 MPH)
|
| Top of the 9th over - 0 runs, 0 hits, 0 errors, 0 left on base; Elmira 3 - Pittsfield 2 |
| BOTTOM OF THE 9TH |
|
Pittsfield Colonials batting - Pitching for Elmira Pioneers : LHP Pat Perry
|
|
Pitching: RHP Alejandro Gallardo
|
|
|
Pinch Hitting: SHB Felipe Gracia
|
0-0: Ball 1-0: Fly out, F7 (Line Drive, 7D, EV 90.6 MPH)
|
|
Batting: SHB Steve Scafa
|
0-0: Foul Ball, location: 2F 0-1: Foul Ball, location: 2F 0-2: Strikes out swinging
|
|
Batting: SHB Mitch Webster
|
0-0: Ball 1-0: Ball 2-0: Ball 3-0: Base on Balls
|
|
Batting: RHB Shawon Dunston
|
0-0: Called Strike 0-1: Ball 1-1: Ball 2-1: Ball 3-1: Base on Balls Mitch Webster to second
|
|
Batting: SHB Mark Gilbert
|
0-0: Called Strike 0-1: Called Strike 0-2: Strikes out swinging
|
| Bottom of the 9th over - 0 runs, 0 hits, 0 errors, 2 left on base; Elmira 3 - Pittsfield 2 |
|